 Dungeon Crawl Stone Soup version 0.24.0-123-gd5b16e6ec5 (webtiles) character file.

Game seed: 3110057045744965672, levelgen mode: deterministic

143781 LifeIsToil the Warrior (level 16, -8/149 HPs)
             Began as a Minotaur Gladiator on Jan 22, 2020.
             Was the Champion of Makhleb.
             Killed from afar by a thorn hunter (18 damage)
             ... with a volley of thorns
             ... on level 4 of the Swamp on Jan 24, 2020.
             The game lasted 02:48:54 (31437 turns).

LifeIsToil the Warrior (Minotaur Gladiator)        Turns: 31437, Time: 02:48:55

Health: -8/149     AC: 29    Str: 27    XL:     16   Next: 83%
Magic:  23/23      EV: 23    Int: 10    God:    Makhleb [******]
Gold:   1015       SH:  9    Dex: 16    Spells: 15/15 levels left

rFire    + . .     SeeInvis +   m - +9 mace "Hedoryr" {holy, Str+2}
rCold    + + .     Gourm    .   P - +3 buckler {AC+3}
rNeg     + . .     Faith    .   E - +8 chain mail {rC+}
rPois    +         Spirit   .   C - -2 hat of the Alchemist {rElec rPois rF+ rC+ rN+ MR+ rMut rCorr}
rElec    +         Reflect  .   B - +0 cloak
rCorr    +         Harm     .   R - +2 pair of gloves {Dex+3}
rMut     +                      G - +0 pair of boots {run}
MR       ++...                  (no amulet)
Stlth    ..........             U - +6 ring of evasion
HPRegen  0.34/turn              e - ring "Ahuxze Qiko" {rPois Int+5 SInv}
MPRegen  0.18/turn

@: studying Long Blades, very slow
A: retaliatory headbutt, horns 2
a: Minor Destruction, Lesser Servant of Makhleb, Major Destruction, Greater
Servant of Makhleb, Renounce Religion


You were on level 4 of the Swamp.
You worshipped Makhleb.
Makhleb was exalted by your worship.
You were not hungry.

You visited 4 branches of the dungeon, and saw 27 of its levels.

You collected 2387 gold pieces.
You spent 1372 gold pieces at shops.

Inventory:

Hand Weapons
 m - the +9 mace "Hedoryr" (weapon) {holy, Str+2}
   (You found it on level 4 of the Dungeon)

   It has been blessed by the Shining One to cause great damage to the undead
   and demons.
   It affects your strength (+2).
 v - a +2 hunting sling of flaming
 y - a +6 dire flail of flaming
 A - a +8 flail of flaming
 W - the +6 arbalest of Cuefauj {penet, -Tele +Fly rElec rN+}
   (You found it on level 6 of the Lair of Beasts)

   Ammo fired by it will pass through the targets it hits, potentially hitting
   all targets in its path until it reaches maximum range.
   It insulates you from electricity.
   It protects you from negative energy.
   It lets you fly.
   It prevents most forms of teleportation.
Missiles
 c - 154 sling bullets
 d - 3 throwing nets (quivered)
 k - 12 silver javelins
 r - 71 bolts
Armour
 l - a +2 large shield
 B - a +0 cloak (worn)
 C - the -2 hat of the Alchemist (worn) {rElec rPois rF+ rC+ rN+ MR+ rMut rCorr}
   (You acquired it on level 14 of the Dungeon)

   It protects you from fire.
   It protects you from cold.
   It insulates you from electricity.
   It protects you from poison.
   It protects you from negative energy.
   It affects your resistance to hostile enchantments.
   It provides partial protection from all sources of acid and corrosion.
   It protects you from mutation.
 E - a +8 chain mail of cold resistance (worn)
 G - a +0 pair of boots of running (worn)
 P - a +3 buckler of protection (worn)
 R - a +2 pair of gloves of dexterity (worn)
Jewellery
 e - the ring "Ahuxze Qiko" (right hand) {rPois Int+5 SInv}
   (You acquired it on level 11 of the Dungeon)

   [ring of see invisible]

   It affects your intelligence (+5).
   It protects you from poison.
   It lets you see invisible.
 J - an uncursed ring of poison resistance
 U - a +6 ring of evasion (left hand)
Wands
 j - a wand of enslavement (6)
 D - a wand of paralysis (8)
 I - a wand of polymorph (25)
 K - a wand of iceblast (19)
 N - a wand of flame (15)
 Q - a wand of disintegration (10)
Scrolls
 a - 7 scrolls of magic mapping
 n - a scroll of fog
 o - 11 scrolls of remove curse
 s - 12 scrolls of immolation
 x - 2 scrolls of teleportation
 L - a scroll of enchant weapon
 Y - a scroll of blinking
Potions
 g - 3 potions of resistance
 h - a potion of invisibility
 i - 3 potions of mutation
 p - 3 potions of flight
 q - 8 potions of agility
 u - 8 potions of curing
 w - 3 potions of berserk rage
 z - 5 potions of lignification
 F - 2 potions of haste
 H - 2 potions of cancellation
 M - 4 potions of might
Books
 b - a manual of Long Blades
Miscellaneous
 S - 2 phantom mirrors
Comestibles
 f - 15 rations
 O - 4 chunks of flesh


   Skills:
 + Level 15.2 Fighting
 + Level 10.2 Long Blades
 - Level 14.0 Maces & Flails
 + Level 6.5 Crossbows
 - Level 10.8 Throwing
 + Level 15.0 Armour
 - Level 13.0 Dodging
 + Level 8.8 Shields
 + Level 11.4 Invocations


You had 15 spell levels left.
You didn't know any spells.
Your spell library contained the following spells:

 Spells                   Type           Power        Failure   Level  Hunger
 Confusing Touch          Hex            #.....       80%         1    ##.....
 Corona                   Hex            #......      80%         1    ##.....
 Freeze                   Ice            #...         80%         1    ##.....
 Magic Dart               Conj           #...         80%         1    ##.....
 Sandblast                Erth           #.....       80%         1    ##.....
 Sting                    Conj/Pois      #...         80%         1    ##.....
 Summon Small Mammal      Summ           #...         80%         1    ##.....
 Blink                    Tloc           N/A          91%         2    ###....
 Call Imp                 Summ           #.......     91%         2    ###....
 Ensorcelled Hibernation  Hex/Ice        #.....       91%         2    ###....
 Passwall                 Tmut/Erth      #.......     91%         2    ###....
 Poisonous Vapours        Pois/Air       #.....       91%         2    ###....
 Shroud of Golubria       Chrm/Tloc      #.....       91%         2    ###....
 Slow                     Hex            #.......     91%         2    ###....
 Throw Frost              Conj/Ice       #.....       91%         2    ###....
 Call Canine Familiar     Summ           #.......     99%         3    ####...
 Confuse                  Hex            #.......     99%         3    ####...
 Conjure Flame            Conj/Fire      #.......     99%         3    ####...
 Gell's Gravitas          Tloc           #.........   99%         3    ####...
 Lesser Beckoning         Tloc           #.........   99%         3    ####...
 Mephitic Cloud           Conj/Pois/Air  #.......     99%         3    ####...
 Ozocubu's Armour         Chrm/Ice       #.......     99%         3    ####...
 Portal Projectile        Hex/Tloc       #.....       99%         3    ####...
 Stone Arrow              Conj/Erth      #.....       99%         3    ####...
 Summon Guardian Golem    Hex/Summ       #.......     99%         3    ####...
 Teleport Other           Tloc           #.......     99%         3    ####...
 Cause Fear               Hex            #.........   100%        4    #####..
 Olgreb's Toxic Radiance  Pois           #.......     100%        4    #####..
 Passage of Golubria      Tloc           N/A          100%        4    #####..
 Petrify                  Tmut/Erth      #.......     100%        4    #####..
 Summon Ice Beast         Ice/Summ       #.......     100%        4    #####..
 Summon Lightning Spire   Summ/Air       #.......     100%        4    #####..
 Throw Icicle             Conj/Ice       #.......     100%        4    #####..
 Borgnjor's Vile Clutch   Necr/Erth      #.........   100%        5    ######.
 Excruciating Wounds      Chrm/Necr      #.........   100%        5    ######.
 Iskenderun's Battlesphe  Conj/Chrm      #.......     100%        5    ######.
 Lee's Rapid Deconstruct  Erth           #.........   100%        5    ######.
 Metabolic Englaciation   Hex/Ice        #.........   100%        5    ######.
 Silence                  Hex/Air        #.........   100%        5    ######.
 Venom Bolt               Conj/Pois      #.........   100%        5    ######.
 Yara's Violent Unravell  Hex/Tmut       #.........   100%        5    ######.
 Darkness                 Hex            #.........   100%        6    #######
 Shadow Creatures         Summ           N/A          100%        6    #######


Dungeon Overview and Level Annotations

Branches:
Dungeon (15/15)            Temple (0/1) D:7            Lair (6/6) D:11
  Swamp (4/4) Lair:3        Snake (0/4) Lair:4        Slime (0/5) Lair:5
    Orc (2/2) D:12            Elf (0/3) Orc:2        Vaults (0/5) D:13
 Depths (0/5) D:15

Altars:
Ashenzari
Cheibriados
Gozag
Kikubaaqudgha
Makhleb
Nemelex Xobeh
Okawaru
Ru
Trog
Xom
The Shining One
Beogh
Jiyva

Shops:
D:14 *   Orc:1 *}   Orc:2 }}!!

Annotations:
D:6 2 transporters, Ratty's ghost, novice DENe
Lair:6 1 runed translucent door, Sede's ghost, journeyman HOFi


Innate Abilities, Weirdness & Mutations

You reflexively headbutt those who attack you in melee.
You have a pair of horns on your head.


Message History

You feel better.
The swamp drake breathes noxious fumes at you.
The noxious blast misses you.
As you read the scroll of fog, it crumbles to dust.
The scroll dissolves into smoke.
The briar patch crumbles away. x3
The thorn hunter hits you!
* * * LOW HITPOINT WARNING * * *
You block the thorn hunter's attack.
As you read the scroll of fear, it crumbles to dust.
You assume a fearsome visage.
The swamp drake looks frightened!
The thorn hunter is unaffected.
The lindwurm looks frightened!
The thorn hunter is unaffected.
The briar patch crumbles away.
The thorn hunter hits you but does no damage. x2
The briar patch crumbles away.
You enter the shallow water.
Moving in this stuff is going to be slow.
The briar patch crumbles away. x2
The thorn hunter fires a volley of thorns at you.
The volley of thorns hits you!!
You die...

≈.≈P≈≈.k♣≈♣ .♣
.≈.≈≈≈≈≈.≈♣♣≈♣
≈...≈≈≈≈≈...♣♣
≈≈≈..≈k...≈..♣♣
≈≈≈≈.≈≈.♣♣♣..≈♣♣
≈≈..≈≈≈.♣ ♣≈≈.≈♣
≈≈≈≈≈≈≈..♣♣≈≈f.♣
≈≈≈≈≈≈≈.♣♣.....♣
≈≈≈≈§..♣♣♣♣≈.@♣♣♣
≈≈≈§≈≈. ♣♣♣♣÷.♣
≈≈≈≈..♣ ♣.P.♣
♣♣.♣♣ ♣♣♣


You could see a thorn hunter.

Vanquished Creatures
  A tentacled monstrosity (Swamp:1)
  A thorn hunter (Swamp:2)
  An orc warlord (Orc:2)
  Nessos (D:15)
  2 very ugly things
  An ettin (D:15)
  Josephine (Lair:5)
  17 hydras
  Fannar (D:10)
  2 catoblepae
  9 alligators
  An ogre mage (D:15)
  3 centaur warriors
  3 tengu warriors
  6 two-headed ogres
  Urug (D:11)
  5 orc high priests (Orc:2)
  Sonja (Lair:5)
  3 unseen horrors
  A spriggan druid (Swamp:2)
  A lindwurm (Swamp:4)
  4 swamp dragons
  Pikel (D:4)
  6 orc knights
  5 orc sorcerers
  13 ugly things
  A wolf spider (shapeshifter) (D:14)
  A wolf spider zombie (D:14)
  A deep elf mage (D:13)
  7 cyclopes
  3 manticores
  A moth of wrath (shapeshifter) (D:15)
  6 elephants
  4 black mambas
  An elephant (shapeshifter) (D:13)
  30 spiny frogs
  A torpor snail (Lair:4)
  6 gargoyles
  2 kobold demonologists
  A yaktaur (shapeshifter) (D:13)
  9 rime drakes
  16 komodo dragons
  A freezing wraith (D:15)
  2 tengu conjurers
  A yaktaur (D:15)
  10 trolls
  7 tyrant leeches
  6 hornets
  23 blink frogs
  11 hippogriffs
  4 bog bodies
  6 dream sheep
  33 slime creatures
  3 shadows
  Sigmund (D:2)
  2 spriggans
  A vampire (D:9)
  43 yaks
  4 wraiths (Lair:5)
  3 basilisks
  3 wyverns
  5 hungry ghosts
  2 steam dragons (D:7)
  2 humans (D:9)
  22 vampire mosquitoes
  Edmund (D:4)
  21 insubstantial wisps
  7 nagas (Lair:4)
  Menkaure (D:5)
  16 swamp worms
  2 soldier ants
  10 porcupines
  13 water moccasins
  48 orc warriors
  4 ice beasts
  2 phantoms
  5 swamp drakes
  An eye of draining (D:11)
  3 black bears
  3 sky beasts
  3 necrophages
  18 ogres
  3 wolves (Lair:3)
  9 centaurs
  12 crocodiles
  2 big kobolds
  39 bullfrogs
  6 scorpions
  A water moccasin skeleton (D:9)
  2 killer bees
  18 wights
  16 electric eels
  4 howler monkeys
  8 crimson imps
  2 bullfrog zombies (D:11)
  4 centaur zombies
  2 quasits (D:9)
  26 orc priests
  9 hounds
  4 jellies
  22 orc wizards
  Crazy Yiuf (D:4)
  3 bullfrog skeletons
  7 centaur skeletons
  Ijyb (D:5)
  Terence (D:3)
  4 iguanas
  Natasha (thrice) (D:2)
  13 worker ants
  A hound zombie (D:6)
  A hound skeleton (D:5)
  A howler monkey zombie (D:9)
  A worker ant zombie (D:9)
  7 gnolls
  9 adders
  A howler monkey skeleton (D:8)
  5 shadow imps
  2 adder skeletons
  A worm (D:4)
  A dart slug (D:1)
  9 leopard geckos
  123 orcs
  A ball python (D:3)
  4 bats
  8 giant cockroaches
  6 goblins
  9 hobgoblins
  13 jackals
  5 quokkas
  5 frilled lizards
  15 kobolds
  A leopard gecko skeleton (D:9)
  A quokka skeleton (D:5)
  A quokka zombie (D:8)
  5 rats
  2 briar patches (Swamp:4)
  2 plants
996 creatures vanquished.

Vanquished Creatures (collateral kills)
  A hydra (Lair:6)
  A swamp dragon (Swamp:4)
  An orc sorcerer (Orc:2)
  A rime drake (Lair:6)
  3 blink frogs (Lair:6)
  A swamp drake (Swamp:4)
  2 bullfrogs (Lair:6)
10 creatures vanquished.

Vanquished Creatures (others)
  An alligator (Swamp:2)
  A spriggan druid (Swamp:2)
  A hornet (Swamp:4)
  2 vampire mosquitoes (Swamp:2)
  A swamp worm (Swamp:2)
  An adder (D:4)
  4 briar patches (Swamp:4)
  4 fungi
  54 plants
69 creatures vanquished.

Grand Total: 1075 creatures vanquished

Notes
Turn   | Place    | Note
-------+----------+-------------------------------------------
     0 | D:1      | LifeIsToil the Minotaur Gladiator began the quest for the
                  | Orb.
     0 | D:1      | Reached XP level 1. HP: 18/18 MP: 0/0
   177 | D:1      | Reached XP level 2. HP: 10/25 MP: 1/1
   376 | D:1      | Reached skill level 1 in Armour
   753 | D:2      | Reached XP level 3. HP: 27/30 MP: 2/2
   793 | D:2      | Found a snail-covered altar of Cheibriados.
   826 | D:2      | Noticed Sigmund
   843 | D:2      | Killed Sigmund
   843 | D:2      | Reached XP level 4. HP: 21/40 MP: 3/3
   843 | D:2      | Reached XP level 5. HP: 24/46 MP: 4/4
  1440 | D:2      | Noticed Natasha
  1446 | D:2      | Killed Natasha
  1497 | D:2      | Found a burning altar of Makhleb.
  1515 | D:2      | Reached XP level 6. HP: 41/52 MP: 5/5
  1522 | D:2      | Became a worshipper of Makhleb the Destroyer
  1728 | D:2      | Noticed Natasha
  1733 | D:2      | Killed Natasha
  1733 | D:2      | Reached skill level 5 in Maces & Flails
  1921 | D:2      | Noticed Natasha
  1928 | D:2      | Killed Natasha
  2157 | D:3      | Found a shimmering altar of Xom.
  2306 | D:3      | Found a shattered altar of Ashenzari.
  2323 | D:3      | Noticed Terence
  2335 | D:3      | Killed Terence
  2891 | D:4      | Reached XP level 7. HP: 35/60 MP: 6/6
  3153 | D:4      | Reached skill level 5 in Dodging
  3158 | D:4      | Reached * piety under Makhleb
  3594 | D:4      | Found a runed translucent door.
  3595 | D:4      | Noticed Crazy Yiuf
  3763 | D:4      | Reached skill level 5 in Fighting
  3849 | D:4      | Noticed Pikel
  3859 | D:4      | Noticed Edmund
  3866 | D:4      | Killed Pikel
  3866 | D:4      | Reached skill level 5 in Armour
  3866 | D:4      | Reached XP level 8. HP: 32/70 MP: 7/7
  3880 | D:4      | Killed Edmund
  3916 | D:4      | Found a sparkling altar of Nemelex Xobeh.
  4146 | D:4      | Killed Crazy Yiuf
  4146 | D:4      | Reached skill level 5 in Throwing
  4154 | D:4      | Got a polished mace
  4160 | D:4      | Identified the +9 mace "Hedoryr" {holy, Str+2} (You found
                  | it on level 4 of the Dungeon)
  4197 | D:5      | Entered Level 5 of the Dungeon
  4292 | D:5      | Noticed Ijyb
  4306 | D:5      | Killed Ijyb
  4717 | D:5      | Noticed Menkaure
  4724 | D:5      | Killed Menkaure
  5350 | D:6      | Found a transporter.
  5356 | D:6      | Noticed Ratty's ghost (novice DENe)
  5356 | D:6      | Identified the +4 great mace "Jymeaj" {antimagic, rElec rC+
                  | Int-2 Dex+7}
  5356 | D:6      | Noticed a two-headed ogre
  5358 | D:6      | Found a transporter.
  5388 | D:6      | Found an ancient bone altar of Kikubaaqudgha.
  5403 | D:6      | Noticed a green ugly thing
  5424 | D:6      | Killed a green ugly thing
  5424 | D:6      | Reached XP level 9. HP: 60/78 MP: 8/8
  5454 | D:6      | Reached ** piety under Makhleb
  6540 | D:7      | Found a staircase to the Ecumenical Temple.
  6679 | D:7      | Got a translucent leather armour
  7025 | D:7      | Found a sacrificial altar of Ru.
  7193 | D:7      | Reached XP level 10. HP: 88/88 MP: 9/9
  7741 | D:8      | Reached *** piety under Makhleb
  8444 | D:9      | Reached skill level 1 in Shields
  8451 | D:9      | Reached skill level 1 in Invocations
  8589 | D:9      | Noticed a red ugly thing
  8589 | D:9      | Noticed a centaur warrior
  8589 | D:9      | Noticed a gargoyle
  8591 | D:9      | Noticed a gargoyle
  8592 | D:9      | Noticed a tengu warrior
  8605 | D:9      | HP: 3/91 [red ugly thing (23)]
  8617 | D:9      | Found an iron altar of Okawaru.
  8677 | D:9      | Reached **** piety under Makhleb
  8688 | D:9      | Killed a red ugly thing
  8712 | D:9      | Killed a centaur warrior
  8712 | D:9      | Reached XP level 11. HP: 28/97 MP: 12/12
  9148 | D:9      | Killed a tengu warrior
  9148 | D:9      | Reached skill level 10 in Maces & Flails
  9330 | D:9      | Found a glowing golden altar of the Shining One.
  9330 | D:9      | Found a bloodstained altar of Trog.
  9330 | D:9      | Found a burning altar of Makhleb.
  9330 | D:9      | Found an ancient bone altar of Kikubaaqudgha.
  9828 | D:9      | Identified the +0 leather armour of Tyicor {Str+3 Dex+2}
                  | (You found it on level 7 of the Dungeon)
  9852 | D:10     | Entered Level 10 of the Dungeon
  9906 | D:10     | Noticed Fannar
  9924 | D:10     | Killed Fannar
  9924 | D:10     | Reached skill level 10 in Fighting
 10009 | D:10     | Found an iron altar of Okawaru.
 10468 | D:10     | Reached skill level 10 in Armour
 10501 | D:10     | Noticed a two-headed ogre
 10510 | D:10     | Killed a two-headed ogre
 10701 | D:11     | Reached skill level 5 in Invocations
 10766 | D:11     | Reached ***** piety under Makhleb
 10837 | D:11     | Reached XP level 12. HP: 108/108 MP: 0/14
 11178 | D:11     | Noticed Urug
 11197 | D:11     | Killed Urug
 11338 | D:11     | Found a staircase to the Lair.
 12604 | D:11     | Identified a scroll of acquirement
 12608 | D:11     | Got a faintly glowing platinum ring
 12609 | D:11     | Identified the ring "Ahuxze Qiko" {rPois Int+5 SInv} (You
                  | acquired it on level 11 of the Dungeon)
 12662 | D:12     | Found a sacrificial altar of Ru.
 12685 | D:12     | Noticed a two-headed ogre
 12696 | D:12     | Killed a two-headed ogre
 12779 | D:12     | Reached skill level 10 in Dodging
 13210 | D:12     | Found a staircase to the Orcish Mines.
 13919 | D:12     | Reached ****** piety under Makhleb
 13924 | D:12     | Reached XP level 13. HP: 116/116 MP: 17/17
 14433 | D:13     | Found a gate to the Vaults.
 14738 | D:13     | You fall into a shaft and drop 1 floor!
 15552 | D:14     | Found a sparkling altar of Nemelex Xobeh.
 15593 | D:14     | Found an opulent altar of Gozag.
 15594 | D:14     | Found Gozag's Platinum Reserve.
 16186 | D:14     | Found the -2 hat of the Alchemist {rElec rPois rF+ rC+ rN+
                  | MR+ rMut rCorr}
 16332 | D:14     | Reached skill level 10 in Throwing
 16860 | Lair:1   | Entered Level 1 of the Lair of Beasts
 17881 | Lair:2   | Reached XP level 14. HP: 127/127 MP: 19/19
 19055 | Lair:3   | Found a staircase to the Swamp.
 20548 | Lair:4   | Found a staircase to the Snake Pit.
 21190 | Lair:5   | Noticed Sonja
 21206 | Lair:5   | Killed Sonja
 21356 | Lair:5   | Found a viscous altar of Jiyva.
 21356 | Lair:5   | Found a staircase to the Slime Pits.
 21548 | Lair:5   | Noticed Josephine
 21558 | Lair:5   | Killed Josephine
 21969 | Lair:6   | Entered Level 6 of the Lair of Beasts
 22063 | Lair:6   | Reached skill level 5 in Shields
 22306 | Lair:6   | Found a runed translucent door.
 22306 | Lair:6   | Found a shimmering altar of Xom.
 22306 | Lair:6   | Noticed Sede's ghost (journeyman HOFi)
 22306 | Lair:6   | Identified the +10 broad axe of Mastery {chaos, MR+}
 22401 | Lair:6   | Reached XP level 15. HP: 129/136 MP: 21/21
 23062 | Lair:6   | Identified the Disquisition on Helpful Curses
 23094 | Lair:6   | Got a brightly glowing arbalest
 23107 | Lair:6   | Identified the +6 arbalest of Cuefauj {penet, -Tele +Fly
                  | rElec rN+} (You found it on level 6 of the Lair of Beasts)
 23690 | Orc:1    | Entered Level 1 of the Orcish Mines
 23949 | Orc:1    | Found Qaj Faqa's Gadget Emporium.
 24023 | Orc:1    | Found Tarphueq's Assorted Antiques.
 24147 | Orc:1    | Bought a shiny chain mail for 232 gold pieces
 24147 | Orc:1    | Bought a scroll of identify for 62 gold pieces
 24147 | Orc:1    | Bought a scroll of identify for 62 gold pieces
 24147 | Orc:1    | Bought a runed plate armour for 806 gold pieces
 24325 | Orc:2    | Entered Level 2 of the Orcish Mines
 24339 | Orc:2    | Reached skill level 1 in Long Blades
 24777 | Orc:2    | Found a staircase to the Elven Halls.
 24832 | Orc:2    | Reached skill level 1 in Crossbows
 24879 | Orc:2    | Identified a +0 pair of boots of running (You found it on
                  | level 2 of the Orcish Mines)
 25284 | Orc:2    | Found Wahuu's Distillery.
 25311 | Orc:2    | Bought a potion of curing for 42 gold pieces
 25311 | Orc:2    | Bought a potion of heal wounds for 70 gold pieces
 25311 | Orc:2    | Bought a potion of curing for 42 gold pieces
 25311 | Orc:2    | Bought a potion of might for 56 gold pieces
 25320 | Orc:2    | Found Ytati's Distillery.
 25324 | Orc:2    | Reached skill level 10 in Invocations
 25344 | Orc:2    | Found a roughly hewn altar of Beogh.
 25709 | Orc:2    | Noticed an orc warlord
 25720 | Orc:2    | Paralysed by an orc sorcerer for 7 turns
 25764 | Orc:2    | Killed an orc warlord
 25971 | Orc:2    | Found Belaru Babu's Gadget Shoppe.
 26012 | Orc:2    | Found a roughly hewn altar of Beogh.
 26205 | Orc:2    | Found Teamm's Gadget Shop.
 26264 | Orc:2    | Reached skill level 5 in Long Blades
 26839 | D:15     | Entered Level 15 of the Dungeon
 26978 | D:15     | Found a staircase to the Depths.
 27174 | D:15     | Noticed Nessos
 27206 | D:15     | Killed Nessos
 27695 | D:15     | Reached XP level 16. HP: 147/147 MP: 22/22
 28004 | Swamp:1  | Entered Level 1 of the Swamp
 28765 | Swamp:1  | Noticed a tentacled monstrosity
 28792 | Swamp:1  | Killed a tentacled monstrosity
 29124 | Swamp:2  | Reached skill level 5 in Crossbows
 29300 | Swamp:2  | Noticed a thorn hunter
 29324 | Swamp:2  | Killed a thorn hunter
 30146 | Swamp:3  | Reached skill level 15 in Fighting
 30865 | Swamp:4  | Entered Level 4 of the Swamp
 30961 | Swamp:4  | HP: 7/149 [spriggan druid/stone arrow (6)]
 31323 | Swamp:4  | Reached skill level 15 in Armour
 31347 | Swamp:4  | Reached skill level 10 in Long Blades
 31414 | Swamp:4  | Noticed a thorn hunter
 31421 | Swamp:4  | Noticed a thorn hunter
 31431 | Swamp:4  | HP: 7/149 [thorn hunter/volley of thorns (22)]
 31437 | Swamp:4  | Killed from afar by a thorn hunter

Levels and vault maps discovered:
D:1:      dpeg_arrival_water_temple_mockup, layout_basic
D:2:      wander_river, layout_basic, old_standard_altar, first_ration,
          makhleb_heckhound_becter, uniq_sigmund, uniq_natasha
D:3:      layout_loops_ring, lemuel_crystal_altar, minmay_misc_feat_five,
          chequers_hall_statues_wall_a, xom_teletrap_fun, uniq_terence
D:4:      layout_rooms, overflow_temple_1_default, st_stairs_12, uniq_pikel,
          uniq_crazy_yiuf_cottage, uniq_edmund
D:5:      layout_cave_pools, serial_park, uniq_ijyb, uniq_menkaure
D:6:      layout_basic, kiku_gazebo_garden_becter, gammafunk_ghost_smash,
          minmay_manual_mandibuliform
D:7:      layout_basic, nicolae_ru_awakened_eye, minmay_temple_entry_slanted
D:8:      layout_loops_ring, grunt_pizzeria, hangedman_decor_clover_reticule,
          kennysheep_cross_bottleneck
D:9:      minmay_the_grid_octo_2x2 [minmay_the_grid_octo_clover_2,
          minmay_the_grid_octo_shrine, minmay_the_grid_octo_vomiting_pacman,
          minmay_the_grid_octo_prize_big_c], layout_basic, okawaru_humans,
          supply_closet_lemuel
D:10:     kennysheep_blocky_hall, layout_rooms, basic_altar, uniq_fannar
D:11:     minmay_recursive_quarters, layout_basic, lair_entry_dummy,
          special_room [special_room_orc], uniq_urug
D:12:     wad_arrow_thing, layout_irregular_city, serial_column_ruins,
          column_ruins_hut_ruined, column_ruins_columns_straight,
          column_ruins_corridor_dead_end, column_ruins_grid_4,
          column_ruins_grid_2, column_ruins_corridor_straight, basic_altar
D:13:     layout_basic, david_vaults_2
D:14:     layout_loops_ring, lemuel_crystal_altar, minmay_misc_feat_room,
          hangedman_abyss_or_decor_stabs, nicolae_gozag_zags_fifth_avenue
D:15:     hangedman_depths_entry_civil_slaughter, layout_loops_ring,
          minmay_misc_feat_enclosed, uniq_nessos
Lair:1:   layout_regular_city, gammafunk_lair_bear_cave
Lair:2:   layout_hall_layers, serial_bayou_shore_a, infiniplex_staircase_pool_2,
          grunt_megastairs_4
Lair:3:   layout_loops_ring, minmay_swamp_entry_eels
Lair:4:   layout_cave_pods, minmay_snake_entry_guardpost_large
Lair:5:   layout_misc_corridors, dpeg_slime_entry_enclosed_altar, uniq_sonja,
          uniq_josephine
Lair:6:   minmay_lair_end_frog_pond, layout_gridlike, ebering_ghost_xom
Swamp:1:  cheibrodos_swamp_monstrosity, layout_falls_marsh, serial_swamp_ruin,
          hangedman_swamp_ruin_wall, evilmike_swamp_ruin_house_4
Swamp:2:  layout_basic_swamp, evilmike_swamp_ruin_rubble_2
Swamp:3:  layout_basic_swamp, evilmike_swamp_ruin_house_1
Swamp:4:  swamp_alternative, layout_basic_swamp, infiniplex_staircase_pool
Orc:1:    layout_diamond_mine, serial_shops, nicolae_shop_overgrown_old_shop,
          shop, uniq_snorg
Orc:2:    pubby_orc_utopia

Skill      XL: |  1  2  3  4  5  6  7  8  9 10 11 12 13 14 15 16 |
---------------+-------------------------------------------------+-----
Armour         | 1 2 3 5 6 7 9 10 11 12 13 14 15 | 15.0
Maces & Flails | 4 5 6 7 8 9 10 11 12 13 14 | 14.0
Fighting       | 3 4 5 6 8 9 10 11 12 13 14 15 | 15.2
Throwing       | 3 4 5 6 7 8 9 10 | 10.8
Dodging        | 4 5 6 7 8 9 10 11 12 13 | 13.0
Shields        | 3 4 5 7 8 |  8.8
Invocations    | 3 5 6 8 9 10 11 | 11.4
Long Blades    | 6 10 | 10.2
Crossbows      | 4 6 |  6.5

Action                   |  1- 3 |  4- 6 |  7- 9 | 10-12 | 13-15 | 16-18 || total
-------------------------+-------+-------+-------+-------+-------+-------++-------
Melee: Flail             |    56 |   100 |    69 |       |       |       ||   225
       Headbutt          |    11 |    22 |    31 |   180 |   525 |   157 ||   926
       Mace              |       |       |   126 |   746 |  1643 |   549 ||  3064
 Fire: Hunting sling     |       |       |    12 |    73 |   104 |    22 ||   211
Throw: Dart              |     5 |     5 |       |       |       |       ||    10
       Throwing net      |     3 |       |     1 |       |     1 |       ||     5
Invok: Greater Servant o |       |       |       |       |     2 |     2 ||     4
       Lesser Servant of |       |       |       |       |     1 |       ||     1
       Major Destruction |       |       |       |       |     1 |       ||     1
  Use: Scroll            |       |     4 |     5 |    24 |    28 |     9 ||    70
       Potion            |       |       |     1 |     1 |     6 |     4 ||    12
 Stab: Held in net/web   |       |       |     1 |       |       |       ||     1
       Distracted        |       |       |       |       |     1 |     1 ||     2
       Confused          |       |       |       |       |       |     2 ||     2
  Eat: Chunk             |       |     6 |     5 |    16 |    13 |     3 ||    43
       Ration            |       |       |     4 |     3 |     9 |     3 ||    19
Armor: Leather armour    |    15 |    25 |       |       |       |       ||    40
       Chain mail        |       |    20 |    98 |   353 |   703 |   286 ||  1460
       Skin              |       |       |    28 |       |       |       ||    28
Dodge: Dodged            |    47 |    83 |   107 |   423 |  1252 |   661 ||  2573
Block: Buckler           |       |       |       |   212 |   718 |   323 ||  1253
       Large shield      |       |       |       |       |       |     9 ||     9
